 Dungeon Crawl Stone Soup version 0.28.0-47-ge53b351184 (webtiles) character file.

Game seed: 14336115976556426282

1386 Kangaroobicon the Chopper (level 8, -5/63 (65) HPs)
             Began as a Palentonga Fighter on Apr 26, 2022.
             Was a Follower of Dithmenos.
             Slain by a wight
             ... wielding a +4 great sword
              (13 damage)
             ... on level 6 of the Dungeon.
             The game lasted 00:37:27 (4401 turns).

Kangaroobicon the Chopper (Palentonga Fighter)      Turns: 4401, Time: 00:37:27

HP:   -5/63 (65)    AC: 18    Str: 21      XL:     8   Next: 40%
MP:   8/8           EV:  7    Int: 14 (15) God:    Dithmenos [*.....]
Gold: 317           SH:  8    Dex: 12      Spells: 7/7 levels left

rFire   + + .      SeeInvis +   a - +0 war axe
rCold   . . .      Faith    .   n - +0 kite shield
rNeg    . . .      Spirit   .   d - +3 scale mail {rF+}
rPois   .          Reflect  .   m - +0 helmet
rElec   .          Harm     .   (no cloak)
rCorr   .          Rampage  .   (no gloves)
Will    .....                   (no barding)
Stlth   ..........              v - amulet of regeneration
HPRegen 1.00/turn               f - ring of protection from fire
MPRegen 0.11/turn               u - +6 ring of intelligence

@: wreathed by umbra, lightly drained, curled up
A: large, rugged brown scales 3, see invisible, deformed body, roll 1, armoured
tail, reflexive curl, deterioration 1, sense surroundings 1, strong 1
a: Rolling Charge, Renounce Religion


You were on level 6 of the Dungeon.
You worshipped Dithmenos.
Dithmenos was aware of your devotion.
You visited 1 branch of the dungeon, and saw 6 of its levels.

You collected 317 gold pieces.

Inventory:

Hand Weapons
 a - a +0 war axe (weapon)
 e - a +4 scimitar
 y - a +1 short sword of speed
Missiles
 i - 2 poisoned darts (quivered)
Armour
 c - a +0 buckler
 d - a +3 scale mail of fire resistance (worn)
 m - a +0 helmet (worn)
 n - a +0 kite shield (worn)
Jewellery
 f - a ring of protection from fire (left hand)
 u - a +6 ring of intelligence (right hand)
 v - an amulet of regeneration (around neck)
Wands
 w - a wand of digging (7)
 z - a wand of polymorph (11)
Scrolls
 b - a scroll of acquirement {unknown}
 k - a scroll of amnesia {unknown}
 l - a scroll of magic mapping
 o - a scroll of enchant weapon {unknown}
 p - 2 scrolls of teleportation {unknown}
 q - a scroll of vulnerability {unknown}
 r - a scroll of fear {unknown}
 t - 2 scrolls of noise {unknown}
Potions
 g - a potion of curing
 h - a potion of flight
 j - a potion of attraction {unknown}
 s - a potion of magic {unknown}
 x - a potion of heal wounds


   Skills:
 + Level 4.7 Fighting
 + Level 7.9 Axes
 + Level 4.0 Armour
 + Level 2.1 Dodging
 + Level 3.6 Shields


You had 7 spell levels left.
You didn't know any spells.
Your spell library contained the following spells:

 Spells                   Type           Power      Damage    Failure   Level
 Frozen Ramparts          Ice            0%         1d2       99%         3
 Inner Flame              Hex/Fire       0%         N/A       99%         3
 Portal Projectile        Hex/Tloc       0%         N/A       99%         3
 Stone Arrow              Conj/Erth      0%         3d7       99%         3
 Animate Armour           Summ/Erth      0%         N/A       100%        4
 Cause Fear               Hex            0%         N/A       100%        4
 Ice Form                 Ice/Tmut       0%         N/A       100%        4
 Summon Ice Beast         Ice/Summ       0%         N/A       100%        4
 Blade Hands              Tmut           0%         N/A       100%        5
 Excruciating Wounds      Necr           0%         N/A       100%        5
 Discord                  Hex            0%         N/A       100%        8
 Lehudib's Crystal Spear  Conj/Erth      0%         10d2      100%        8


Dungeon Overview and Level Annotations

Branches:
Dungeon (6/15)
 Temple: D:4-7

Altars:
Dithmenos
Vehumet

Shops:
D:5 *


Innate Abilities, Weirdness & Mutations

You are completely covered in rugged brown scales. (AC +3, +7% HP)
You have supernaturally acute eyesight. (SInv)
Armour fits poorly on your strangely shaped body.
You can roll at nearby foes to attack.
You have a long armoured tail.
You curl defensively after being hit. (AC +7*)
Your body sometimes deteriorates upon taking damage.
You passively map a small area around you.
Your muscles are strong. (Str +2)


Message History

You closely miss the wight. You block the wight's attack. x2
The wight hits you with a +4 great sword.
You feel drained.
You hit the wight but do no damage.
The wight is heavily damaged.
You closely miss the wight. You block the wight's attack.
The wight hits you with a +4 great sword!
Your body deteriorates!
You feel dopey.
You barely miss the wight.
The wight is heavily damaged.
You closely miss the wight. The wight completely misses you.
The wight hits you with a +4 great sword.
You feel drained. The wight closely misses you.
You barely miss the wight.
The wight is moderately damaged.
You barely miss the wight. You block the wight's attack.
The wight hits you with a +0 morningstar!
You closely miss the wight.
The wight is moderately damaged.
You slash the wight! The wight misses you. The wight closely misses you.
The wight hits you with a +4 great sword!
* * * LOW HITPOINT WARNING * * *
You feel better. The wight barely misses you. The wight closely misses you.
You hit the wight.
The wight is heavily damaged.
You hit the wight. You block the wight's attack.
The wight hits you with a +4 great sword!
* * * LOW HITPOINT WARNING * * *
You slash the wight!
You destroy the wight!
Dithmenos accepts your kill.
You hit the wight. You block the wight's attack.
You barely miss the wight.
The wight is severely damaged.
The wight hits you with a +4 great sword!
* * * LOW HITPOINT WARNING * * *
You completely miss the wight.
The wight is severely damaged.
The wight hits you with a +4 great sword!
You die...

* #.###### #..# *
**######.#### #..#
* *...........#
###..#
*****.######>##.#
#....# *,,,,,*
#.[.....# #.##.#
*,,**,**#.......##
#.##.#
*,,,*,,*#..(.....##
#.##.#
*,,,,,,...........#
#.##.#
*,****.####....)@.#
#.##.#
,,**,,,,,*#....z#)#
#....#
*,*,,,,,,,#.....#.#
#.##.#
*,*,,,,,,,#..#.##.#
#.##.#
*,,,,,_,,....#.*#.#
#.##.#
,,*,,,,,,.#.*#.*#.#
#.##.#
,,*,,,,,,,*..#,*#.#
#.##.#
,,**,,,,,**..o,*#.#
#.##.#
,,****,****,#..##.#
#.##.#


You could see a wight.

Vanquished Creatures
  The ghost of 101zpm the Magician, an amateur DjIE of Makhleb (D:5)
  A sky beast (D:4)
  2 ogres
  3 phantoms
  Blork the orc (D:4)
  2 wights (D:6)
  A bullfrog zombie (D:5)
  2 jellies
  3 orc priests
  4 hounds
  An iguana (D:5)
  A hound skeleton (D:4)
  A howler monkey zombie (D:4)
  13 adders
  2 white imps
  7 worms
  26 orcs
  6 ball pythons
  4 bats
  2 endoplasms
  4 giant cockroaches
  6 goblins
  6 hobgoblins
  11 jackals
  4 kobolds
  7 quokkas
  6 frilled lizards
  A quokka skeleton (D:4)
  8 rats
136 creatures vanquished.

Notes
Turn   | Place    | Note
-------+----------+-------------------------------------------
     0 | D:1      | Kangaroobicon the Palentonga Fighter began the quest for
                  | the Orb.
     0 | D:1      | Reached XP level 1. HP: 19/19 MP: 1/1
   191 | D:1      | Reached XP level 2. HP: 23/25 MP: 2/2
   613 | D:1      | Reached XP level 3. HP: 30/31 MP: 3/3
  1109 | D:2      | Reached skill level 3 in Axes
  1109 | D:2      | Reached XP level 4. HP: 25/37 MP: 4/4
  1342 | D:3      | You fall into a shaft and drop 2 floors!
  1342 | D:5      | Entered Level 5 of the Dungeon
  1375 | D:5      | Found a runed translucent door.
  1379 | D:5      | Noticed 101zpm's ghost (amateur DjIE)
  1505 | D:5      | Reached XP level 5. HP: 38/44 MP: 5/5
  1515 | D:4      | Noticed an ogre
  1524 | D:4      | Killed an ogre
  1525 | D:4      | Reached skill level 4 in Axes
  1861 | D:3      | Reached skill level 1 in Dodging
  1866 | D:3      | Reached XP level 6. HP: 39/51 MP: 6/6
  2227 | D:3      | Found a shadowy altar of Dithmenos.
  2258 | D:3      | Became a worshipper of Dithmenos the Shadowed
  2669 | D:3      | Found a radiant altar of Vehumet.
  2810 | D:3      | Gained mutation: Your muscles are strong. (Str +2) [potion
                  | of mutation]
  2810 | D:3      | Gained mutation: Your body sometimes deteriorates upon
                  | taking damage. [potion of mutation]
  2810 | D:3      | Gained mutation: You passively map a small area around you.
                  | [potion of mutation]
  2867 | D:4      | Reached skill level 5 in Axes
  2887 | D:4      | Noticed Blork the orc
  2893 | D:4      | Killed Blork the orc
  2987 | D:4      | Gained mutation: You curl defensively after being hit. (AC
                  | +7*) [Palentonga growth]
  2987 | D:4      | Reached XP level 7. HP: 42/57 MP: 7/7
  3031 | D:4      | Reached skill level 6 in Axes
  3048 | D:4      | Reached * piety under Dithmenos
  3623 | D:5      | Reached skill level 7 in Axes
  3623 | D:5      | Reached XP level 8. HP: 54/65 MP: 8/8
  3673 | D:5      | Found Anutok's Serpentskin Sales.
  4215 | D:5      | Killed 101zpm's ghost
  4401 | D:6      | Slain by a wight

Illustrated notes

Levels and vault maps discovered:
D:1:      dpeg_arrival_simpleton_b, layout_loops_corners,
          chequers_serial_rivers_micro_c, minmay_cupped
D:2:      layout_basic
D:3:      layout_rooms, amcnicky_altar_gilded, mainiacjoe_overflow_tiny_flanked,
          cheibrodos_sewer_entry_bend
D:4:      layout_basic, uniq_blork_the_orc
D:5:      layout_loops_corners, ebering_ghost_sewer_d, guppyfry_shop_venom
D:6:      layout_loops_ring, mainiacjoe_overflow_surrounded_room,
          old_standard_altar, serial_shops, kennysheep_mini_moat, uniq_edmund,
          uniq_prince_ribbit1

Skill      XL: |  1  2  3  4  5  6  7  8 |
---------------+-------------------------+-----
Axes           | 3 4 5 7 |  7.9
Armour         | 3 4 |  4.0
Dodging        | 1 2 |  2.1
Shields        | 3 |  3.6
Fighting       | 4 |  4.7

Action                   |  1- 3 |  4- 6 |  7- 9 || total
-------------------------+-------+-------+-------++-------
Melee: War axe           |   109 |   162 |   131 ||   402
       Tailslap          |     8 |    22 |     7 ||    37
  Use: Scroll            |     1 |     3 |     4 ||     8
       Potion            |     1 |     2 |     1 ||     4
Armor: Scale mail        |    63 |    71 |    50 ||   184
Dodge: Dodged            |    37 |    57 |    37 ||   131
Block: Buckler           |    20 |     5 |       ||    25
       Kite shield       |       |    50 |    58 ||   108
